General information
- name: BNet
- type: Ladder team game (AT/RT)
- host: Battle.net
- saver: theqat
map: TwistedMeadows
- players: 4
- length: 47:57
- speed: Fast
- version: 1.21 W3XP
- replay type: Public
» download(195 KB)
Players
team 1 (winner)

»
syph3r (
yellow | 55 APM | 2635 actions | 47:56)
7 Death Knight
3 Death Coil
3 Unholy Aura
1 Animate Dead
2 Lich
1 Frost Nova
1 Frost Armor
» actions
| Assign group hotkey | 51 | |
| Basic commands | 190 | |
| Build / train | 77 | |
| ESC pressed | 5 | |
| Enter build submenu | 37 | |
| Enter hero's abilities submenu | 9 | |
| Remove unit from queue | 15 | |
| Right click | 1646 | |
| Select / deselect | 471 | |
| Select group hotkey | 46 | |
| Use ability | 88 | |
2635 total
» units
| Acolyte | 3 | |
| Ghoul | 7 | |
| Gargoyle | 1 | |
| Abomination | 16 | |
| Obsidian Statue | -3 | |
24 total
» upgrades
| Cannibalize | 1 | |
| Disease Cloud | 1 | |
| Destroyer Form | 1 | |
3 total
» buildings
| Altar of Darkness | 2 | |
| Ziggurat | 24 | |
| Crypt | 1 | |
| Graveyard | 1 | |
| Tomb of Relics | 1 | |
| Halls of the Dead | 1 | |
| Black Citadel | 1 | |
| Slaughterhouse | 3 | |
| Spirit Tower | 12 | |
| Nerubian Tower | 2 | |
48 total
» build order
00:08 Altar of Darkness
00:11 Ziggurat
00:36 Crypt
01:18 Ziggurat
02:25 Graveyard
02:36 Tomb of Relics
03:39 Halls of the Dead
04:28 Ziggurat
06:57 Black Citadel
08:03 Slaughterhouse
10:09 Ziggurat
10:11 Ziggurat
10:11 Ziggurat
11:48 Slaughterhouse
12:21 Ziggurat
17:18 Ziggurat
17:22 Ziggurat
20:26 Ziggurat
20:28 Ziggurat
20:29 Ziggurat
20:30 Ziggurat
20:58 Ziggurat
21:57 Spirit Tower
21:58 Spirit Tower
21:59 Spirit Tower
22:01 Spirit Tower
23:12 Ziggurat
23:14 Ziggurat
24:23 Spirit Tower
24:24 Spirit Tower
25:03 Slaughterhouse
25:07 Spirit Tower
25:15 Ziggurat
25:17 Ziggurat
25:32 Ziggurat
25:49 Nerubian Tower
26:10 Spirit Tower
26:37 Spirit Tower
28:01 Ziggurat
28:06 Ziggurat
29:07 Spirit Tower
29:10 Spirit Tower
30:46 Ziggurat
31:15 Ziggurat
31:25 Ziggurat
31:44 Spirit Tower
33:29 Nerubian Tower
34:22 Altar of Darkness
» items
| Potion of Healing | 5 | |
| Scroll of Town Portal | 2 | |
| Orb of Corruption | 1 | |
8 total
theqat (
green | 80 APM | 3832 actions | 47:57)
8 Death Knight
3 Death Coil
3 Unholy Aura
2 Death Pact
6 Lich
3 Frost Nova
2 Dark Ritual
1 Death and Decay
» actions
| Assign group hotkey | 76 | |
| Basic commands | 147 | |
| Build / train | 85 | |
| ESC pressed | 5 | |
| Enter build submenu | 23 | |
| Enter hero's abilities submenu | 14 | |
| Give item / drop item | 3 | |
| Right click | 2435 | |
| Select / deselect | 715 | |
| Select group hotkey | 200 | |
| Use ability | 129 | |
3832 total
» units
| Acolyte | 7 | |
| Ghoul | 2 | |
| Crypt Fiend | 31 | |
| Obsidian Statue | 8 | |
| Gargoyle | 7 | |
55 total
» upgrades
| Web | 1 | |
| Destroyer Form | 1 | |
| Creature Attack | 1 | |
3 total
» buildings
| Crypt | 3 | |
| Graveyard | 1 | |
| Ziggurat | 6 | |
| Altar of Darkness | 1 | |
| Nerubian Tower | 1 | |
| Halls of the Dead | 2 | |
| Tomb of Relics | 1 | |
| Slaughterhouse | 3 | |
| Black Citadel | 1 | |
| Spirit Tower | 1 | |
| Necropolis | 2 | |
22 total
» build order
00:05 Crypt
00:18 Graveyard
00:38 Ziggurat
00:56 Altar of Darkness
01:27 Ziggurat
02:21 Nerubian Tower
04:25 Halls of the Dead
04:29 Ziggurat
04:46 Tomb of Relics
06:14 Ziggurat
06:55 Slaughterhouse
06:58 Slaughterhouse
09:28 Black Citadel
11:40 Ziggurat
11:41 Ziggurat
19:38 Slaughterhouse
34:08 Crypt
36:47 Spirit Tower
39:51 Necropolis
40:50 Necropolis
45:47 Halls of the Dead
47:40 Crypt
» items
| Boots of Speed | 1 | |
| Potion of Healing | 2 | |
| Potion of Mana | 1 | |
| Scroll of Town Portal | 1 | |
| Orb of Corruption | 1 | |
6 total
team 2 (loser)
AlwaysAndNever (
blue | 44 APM | 2122 actions | 47:55)
9 Pandaren Brewmaster
3 Breath of Fire
3 Drunken Haze
1 Storm Earth and Fire
2 Drunken Brawler
4 Goblin Alchemist
2 Chemical Rage
1 Acid Bomb
1 Transmute
» actions
| Assign group hotkey | 5 | |
| Build / train | 125 | |
| Enter build submenu | 29 | |
| Enter hero's abilities submenu | 13 | |
| Give item / drop item | 2 | |
| Remove unit from queue | 1 | |
| Right click | 1328 | |
| Select / deselect | 463 | |
| Select group hotkey | 3 | |
| Use ability | 153 | |
2122 total
» units
| Peon | 7 | |
| Grunt | 7 | |
| Dryad | 22 | |
| Druid of the Talon | 20 | |
| Tauren | 7 | |
| Kodo Beast | 3 | |
| Hippogryph | 8 | |
| Chimaera | 6 | |
80 total
» upgrades
| Melee Weapons | 3 | |
| Armor | 4 | |
| Berserker Strength | 1 | |
| Witch Doctor Training | 1 | |
| Pulverize | 1 | |
| Burning Oil | 1 | |
| Druid of the Talon Training | 2 | |
| Corrosive Breath | 1 | |
14 total
» buildings
| Altar of Storms | 1 | |
| Orc Burrow | 7 | |
| Barracks | 1 | |
| War Mill | 1 | |
| Voodoo Lounge | 1 | |
| Stronghold | 1 | |
| Watch Tower | 2 | |
| Fortress | 1 | |
| Spirit Lodge | 1 | |
| Beastiary | 1 | |
| Tauren Totem | 2 | |
| Tree of Eternity | 1 | |
| Moon Well | 5 | |
| Chimaera Roost | 4 | |
| Great Hall | 1 | |
30 total
» build order
00:24 Altar of Storms
00:40 Orc Burrow
00:55 Barracks
01:13 War Mill
01:36 Orc Burrow
02:49 Voodoo Lounge
03:00 Orc Burrow
04:28 Stronghold
05:38 Watch Tower
05:42 Watch Tower
06:51 Fortress
09:05 Spirit Lodge
09:10 Beastiary
11:34 Tauren Totem
11:37 Tauren Totem
17:33 Orc Burrow
17:35 Orc Burrow
19:48 Tree of Eternity
20:29 Orc Burrow
20:35 Orc Burrow
26:48 Moon Well
26:50 Moon Well
28:31 Chimaera Roost
28:35 Chimaera Roost
28:38 Chimaera Roost
29:11 Great Hall
29:19 Chimaera Roost
31:58 Moon Well
32:01 Moon Well
32:03 Moon Well
» items
| Healing Salve | 3 | |
| Orb of Lightning | 1 | |
| Potion of Mana | 3 | |
| Potion of Healing | 2 | |
| Lesser Clarity Potion | 1 | |
| Scroll of Town Portal | 2 | |
12 total
CaRtMaN10 (
pink | 90 APM | 1017 actions | 11:20)
3 Goblin Alchemist
2 Acid Bomb
1 Chemical Rage
» actions
| Assign group hotkey | 35 | |
| Basic commands | 5 | |
| Build / train | 59 | |
| ESC pressed | 6 | |
| Enter build submenu | 19 | |
| Enter hero's abilities submenu | 4 | |
| Right click | 480 | |
| Select / deselect | 244 | |
| Select group hotkey | 122 | |
| Use ability | 43 | |
1017 total
» units
| Wisp | 28 | |
| Archer | 12 | |
| Druid of the Talon | 3 | |
| Dryad | 4 | |
47 total
» buildings
| Altar of Elders | 1 | |
| Moon Well | 4 | |
| Ancient of War | 1 | |
| Ancient of Wonders | 2 | |
| Hunter's Hall | 2 | |
| Ancient Protector | 3 | |
| Tree of Life | 2 | |
| Tree of Ages | 3 | |
| Ancient of Lore | 1 | |
| Ancient of Wind | 1 | |
20 total
» build order
00:17 Altar of Elders
00:21 Moon Well
00:37 Ancient of War
01:20 Moon Well
02:39 Moon Well
03:09 Ancient of Wonders
03:26 Hunter's Hall
04:21 Hunter's Hall
04:28 Ancient of Wonders
05:25 Ancient Protector
05:28 Ancient Protector
05:31 Ancient Protector
06:25 Tree of Life
06:56 Tree of Ages
06:57 Tree of Ages
06:57 Tree of Ages
08:46 Moon Well
09:22 Ancient of Lore
09:29 Ancient of Wind
10:58 Tree of Life
» items
Chat log
(00:42 / Allies) theqat: what the hell
(00:45 / Allies) theqat: that ruins dota completely
(00:46 / All) CaRtMaN10: g' hf
(00:47 / All) CaRtMaN10: gl
(01:42 / Allies) theqat: what
(02:00 / Allies) theqat: make it the other control matt good grief
(02:02 / Allies) syph3r: someone was holding down their ptt key
(02:58 / Allies) theqat: go there for harass
(03:47 / Allies) theqat: kill wispys if you can find 'em
(09:18 / Allies) theqat: send some lum if you can
(11:03 / Allies) theqat: holy shit
(11:16 / All) syph3r: so
(12:50 / Allies) theqat: help
(14:31 / Allies) theqat: c
(20:05 / Allies) theqat: they're out of gold we have to get 'em
(23:39 / Allies) theqat: i don't know what else to get :(
(25:04 / Allies) theqat: i can't fight him :(
(26:19 / Allies) theqat: no money
(27:52 / Allies) theqat: antonio stop chewing in the phone
(27:53 / Allies) theqat: i mean
(27:54 / Allies) theqat: vent
(28:14 / Allies) theqat: 275?
(28:23 / Allies) theqat: 145
(28:25 / Allies) theqat: actually
(29:12 / Allies) theqat: i don't know but we can't fight panda
(29:19 / Allies) theqat: oh
(29:34 / Allies) theqat: you checked all expands?
(30:05 / Allies) theqat: maybe just forcing us to kill bases
(30:18 / Allies) theqat: c
(30:27 / Allies) theqat: kill peon
(30:36 / Allies) theqat: after
(32:26 / Allies) theqat: don't fight yet
(32:31 / Allies) theqat: unless he has low-hpers to coil
(32:42 / Allies) theqat: oh gj
(36:05 / Allies) theqat: not right now
(36:08 / Allies) theqat: use destro
(37:04 / Allies) theqat: what the christ
(37:35 / Allies) theqat: come here and coil the alchemist
(38:30 / Allies) theqat: do you have 75 gold
(38:37 / Allies) theqat: damn
(38:52 / Allies) theqat: i think i lost 'em
(39:35 / Allies) theqat: you can't get over 5 from creeps
(39:42 / Allies) theqat: oh yeah he got gold from creeps
(39:43 / Allies) theqat: fuck
(39:53 / Allies) theqat: yeah
(40:14 / Allies) theqat: look at dis
(40:28 / Allies) theqat: c
(40:41 / Allies) theqat: help
(41:54 / Allies) theqat: 19
(42:00 / Allies) theqat: 255
(43:35 / All) AlwaysAndNever: lucky he dropped..
(43:43 / All) theqat: aloha!
(44:41 / Allies) theqat: okay
(44:43 / Allies) theqat: ready for this
(44:50 / Allies) theqat: chain mining
(45:03 / Allies) theqat: lol
(45:05 / Allies) theqat: i love it
(45:11 / Allies) theqat: ahahahahaha
(45:18 / Allies) theqat: okay come here
(45:39 / Allies) theqat: i have it
(45:40 / Allies) theqat: why
(46:13 / Allies) theqat: if you just help me kill the alch i can kill whole base with lich ult
(47:00 / Allies) theqat: yeah
(47:03 / Allies) theqat: moonwells on auto
(47:13 / Allies) theqat: bye bye buildings